Map: Deathaura LE

Players

Krystianer - Winner!

  • Race: Protoss Protoss
  • League: Grandmaster
  • Spawn Location: 5:00

Bibizyan

  • Race: Protoss Protoss
  • League: Master
  • Spawn Location: 11:00

VOD

Have the link to the VOD?

Description

Time

  • Played on: Feb. 16, 2021, 2:59 p.m.
  • Length: 5:48
Show
View Real Time Build Order
Export as new Build Order

Krystianer Protoss - Winner!

Build Orders:  

Get SALT Encoding   

  12  0:00  Probe  
  13  0:12  Probe  
  14  0:16  Pylon  
  14  0:24  Probe (Chrono Boost)  
  16  0:36  Probe (Chrono Boost)  
  16  0:38  Gateway  
  16  0:43  Probe (Chrono Boost)  
  16  0:45  Assimilator  
  17  0:51  Probe  
  17  0:53  Assimilator  
  18  1:03  Probe (Chrono Boost)  
  19  1:06  Gateway  
  19  1:12  Probe (Chrono Boost)  
  19  1:17  Probe (Chrono Boost)  
  20  1:25  Cybernetics Core  
  21  1:29  Probe  
  22  1:32  Pylon  
  22  1:41  Probe  
  23  1:53  Probe  
  24  2:01  Adept x2, Warp Gate  
  28  2:11  Pylon  
  28  2:16  Robotics Facility  
  28  2:31  Sentry  
  28  2:32  Stalker  
  32  2:46  Probe  
  33  2:57  Nexus  
  33  3:06  Immortal (Chrono Boost)  
  33  3:12  Sentry  
  39  3:25  Pylon  
  39  3:40  Warp Prism (Chrono Boost)  
  39  3:47  Shield Battery  
  43  3:51  Sentry  
  43  3:53  Probe  
  44  3:58  Stalker  
  44  4:00  Pylon  
  46  4:06  Probe  
  46  4:09  Observer  
  49  4:18  Probe (Chrono Boost)  
  49  4:21  Stalker x2  
  49  4:23  Probe (Chrono Boost)  
  54  4:30  Probe (Chrono Boost)  
  55  4:34  Probe (Chrono Boost)  
  55  4:37  Probe (Chrono Boost)  
  57  4:39  Probe (Chrono Boost)  
  58  4:46  Adept x2  
  58  4:50  Pylon, Probe  
  58  4:52  Probe  
  62  5:24  Stalker x2  
  62  5:26  Probe  
  69  5:40  Assimilator, Twilight Council  
Show
View Real Time Build Order
Export as new Build Order

Bibizyan Protoss 

Build Orders: 1 Gate Expand 

Get SALT Encoding   

  12  0:00  Probe  
  13  0:12  Probe  
  14  0:16  Pylon  
  14  0:24  Probe (Chrono Boost)  
  16  0:36  Probe (Chrono Boost)  
  16  0:39  Gateway  
  16  0:41  Probe (Chrono Boost)  
  16  0:45  Assimilator  
  17  0:52  Probe  
  18  1:04  Probe  
  19  1:16  Probe  
  20  1:22  Nexus  
  20  1:33  Cybernetics Core  
  20  1:34  Probe  
  21  1:40  Assimilator  
  21  1:46  Probe  
  22  1:49  Pylon  
  22  1:58  Probe  
  23  2:02  Gateway  
  23  2:10  Stalker (Chrono Boost)  
  25  2:16  Pylon  
  25  2:26  Robotics Facility  
  25  2:40  Stalker  
  25  2:42  Pylon  
  26  2:45  Probe  
  26  2:48  Warp Gate (Chrono Boost)  
  27  2:53  Probe  
  27  2:57  Probe  
  30  3:05  Probe  
  31  3:14  Immortal (Chrono Boost)  
  34  3:21  Probe x2  
  34  3:25  Pylon  
  36  3:34  Shield Battery  
  36  3:38  Pylon  
  36  3:46  Immortal (Chrono Boost)  
  40  3:54  Probe x2  
  42  3:58  Pylon  
  42  4:10  Gateway  
  42  4:22  Warp Prism (Chrono Boost)  
  42  4:23  Gateway  
  44  4:27  Probe x2  
  44  4:29  Sentry x2  
  50  4:43  Probe  
  51  4:46  Gateway  
  51  4:48  Probe  
  51  4:52  Observer  
  53  4:55  Sentry x2, Probe  
  56  5:00  Probe  
  55  5:07  Zealot  
  57  5:22  Stalker x3  
  53  5:29  Pylon x2  
  49  5:36  Stalker x2  
  49  5:41  Stalker x2  
Tags
 
Add a new tag
Caveats
  • Supply blocks, unpowered buildings, or Contaminate may cause inaccurate times.
  • Supply counts are checked every 10 seconds.